Map: Frozen Temple

Players

Gracz

  • Race: Zerg Zerg
  • League: Silver

mayday - Winner!

  • Race: Protoss Protoss
  • League: Bronze

VOD

Have the link to the VOD?

Description

Time

  • Played on: Oct. 2, 2016, 10:27 a.m.
  • Length: 28:06
Show
View Real Time Build Order
Export as new Build Order

Gracz Zerg 

Build Orders: Pool First 

Get SALT Encoding   

  12  0:02  Drone  
  13  0:08  Drone  
  14  0:17  Overlord  
  14  0:24  Extractor, Drone  
  14  0:35  Drone  
  15  0:49  Spawning Pool  
  14  0:52  Drone x2  
  16  1:08  Drone x2  
  18  1:19  Drone  
  19  1:29  Overlord  
  19  1:36  Metabolic Boost  
  19  1:40  Zergling x2  
  19  1:45  Queen  
  22  1:50  Zergling x2  
  23  2:03  Zergling x2  
  24  2:18  Zergling x2  
  25  2:28  Zergling x2  
  26  2:38  Zergling x2  
  27  2:48  Zergling x2  
  26  3:31  Zergling x6  
  27  3:39  Lair  
  26  3:48  Hatchery  
  26  3:51  Zergling x4  
  22  4:44  Zergling x4  
  22  4:45  Zergling x6  
  26  4:52  Drone  
  26  4:59  Roach Warren  
  25  5:16  Extractor  
  25  5:17  Drone x2  
  26  5:22  Drone x6  
  32  5:42  Roach  
  34  5:43  Overlord x2  
  34  5:50  Overlord  
  34  5:54  Glial Reconstitution  
  34  6:01  Queen  
  34  6:03  Spire  
  35  6:08  Infestation Pit  
  34  6:15  Roach  
  34  6:16  Roach x6  
  48  6:31  Roach x2  
  48  6:32  Roach  
  35  7:40  Roach, Mutalisk  
  35  7:42  Roach, Zergling x2  
  35  7:43  Zergling x12  
  40  8:18  Extractor x2  
  40  8:19  Drone x6  
  44  8:41  Mutalisk  
  44  8:52  Roach  
  44  8:53  Roach x2  
  50  9:20  Hatchery  
  49  9:39  Hive  
  49  9:48  Spire  
  48  10:03  Queen  
  50  10:07  Corruptor x3  
  56  10:54  Corruptor  
  56  10:55  Corruptor x4  
  66  11:10  Overlord x3  
  66  11:17  Overlord  
  66  11:18  Overlord  
  64  11:29  Greater Spire  
  64  11:32  Overlord x2  
  64  11:40  Overlord x3  
  64  11:48  Roach  
  64  11:49  Roach x4  
  64  11:52  Drone x2  
  76  12:15  Drone x4  
  80  12:18  Extractor  
  79  12:36  Corruptor  
  79  12:37  Corruptor x5  
  91  12:48  Extractor  
  90  13:00  Drone x4  
  90  13:01  Drone x4  
  90  13:05  Overseer x3  
  98  13:41  Drone x5  
  101  13:44  Corruptor x7  
  117  13:51  Brood Lord  
  119  13:56  Brood Lord  
  121  14:04  Brood Lord  
  123  14:26  Hatchery  
  122  14:31  Brood Lord  
  124  14:54  Corruptor x3  
  124  14:55  Corruptor  
  132  15:10  Drone x2  
  132  15:11  Drone x5  
  139  15:28  Extractor  
  138  15:31  Extractor  
  137  15:36  Brood Lord  
  137  15:37  Brood Lord  
  141  15:47  Hydralisk Den  
  140  15:53  Drone x5  
  145  15:58  Drone x2  
  145  15:59  Drone x3  
  150  16:17  Brood Lord  
  150  16:18  Overlord x3  
  106  17:33  Corruptor  
  106  17:34  Corruptor x16  
  122  17:53  Corruptor x4  
  131  17:58  Drone x4  
  134  18:09  Brood Lord x2  
  138  18:14  Brood Lord  
  138  18:17  Brood Lord  
  142  18:22  Brood Lord  
  142  18:26  Brood Lord  
  146  18:33  Overlord x3  
  100  19:37  Corruptor x4  
  100  19:38  Corruptor x8  
  116  19:54  Corruptor x2  
  116  19:55  Corruptor x2  
  124  20:09  Corruptor x4  
  132  20:19  Brood Lord x2  
  136  20:30  Brood Lord  
  131  20:52  Mutalisk  
  131  20:53  Mutalisk x4  
  131  22:18  Corruptor x6  
  131  22:19  Corruptor x5  
  115  23:06  Hydralisk x12  
  111  24:15  Corruptor  
  111  24:16  Corruptor x8  
  111  24:32  Corruptor  
  111  24:33  Corruptor  
  111  24:38  Corruptor  
  115  24:44  Corruptor, Hatchery  
  118  24:52  Corruptor  
  120  25:11  Brood Lord  
  122  25:27  Extractor  
  121  25:30  Extractor  
  121  25:31  Corruptor  
  122  25:42  Hatchery  
  122  25:43  Extractor x2  
  119  25:58  Brood Lord  
  117  26:13  Brood Lord  
  119  26:45  Corruptor  
  121  26:58  Corruptor  
  123  27:09  Corruptor  
  127  27:23  Brood Lord  
  127  27:37  Brood Lord, Corruptor  
Show
View Real Time Build Order
Export as new Build Order

mayday Protoss - Winner!

Build Orders:  

Get SALT Encoding   

  12  0:02  Probe (Chrono Boost)  
  13  0:15  Pylon  
  13  0:19  Probe (Chrono Boost)  
  14  0:30  Probe (Chrono Boost)  
  15  0:40  Probe (Chrono Boost)  
  16  0:44  Gateway  
  16  1:05  Gateway  
  16  1:06  Gateway  
  16  1:12  Probe (Chrono Boost)  
  16  1:13  Assimilator  
  17  1:23  Probe (Chrono Boost)  
  18  1:28  Pylon  
  18  1:30  Zealot  
  18  1:34  Probe (Chrono Boost)  
  21  1:50  Cybernetics Core  
  21  1:52  Zealot  
  21  1:53  Zealot  
  25  2:02  Zealot  
  27  2:18  Assimilator  
  27  2:21  Probe (Chrono Boost)  
  28  2:27  Pylon  
  28  2:33  Probe (Chrono Boost)  
  30  2:45  Probe (Chrono Boost)  
  30  2:46  Twilight Council  
  30  2:51  Pylon  
  30  2:55  Stalker  
  30  2:57  Stalker  
  34  3:01  Zealot  
  34  3:41  Charge  
  34  4:03  Zealot x3  
  40  4:59  Pylon  
  40  5:01  Pylon  
  40  5:03  Pylon  
  40  5:07  Pylon  
  40  5:09  Pylon  
  40  5:18  Assimilator  
  40  5:19  Zealot x2  
  46  5:21  Zealot  
  46  5:27  Blink  
  46  5:46  Stalker x2  
  46  5:47  Forge  
  46  5:48  Stalker  
  52  6:03  Probe (Chrono Boost)  
  53  6:06  Protoss Ground Weapons Level 1  
  53  6:16  Zealot x2  
  53  6:17  Pylon  
  53  6:18  Zealot  
  60  6:33  Probe (Chrono Boost)  
  60  6:45  Probe (Chrono Boost)  
  59  6:57  Probe (Chrono Boost)  
  60  7:08  Nexus  
  61  7:09  Probe (Chrono Boost)  
  61  7:21  Probe (Chrono Boost)  
  54  7:33  Probe (Chrono Boost)  
  54  7:46  Probe (Chrono Boost)  
  52  7:58  Stalker x2, Probe (Chrono Boost)  
  53  7:59  Stalker  
  53  8:02  Protoss Ground Weapons Level 2  
  59  8:08  Assimilator  
  59  8:17  Probe (Chrono Boost)  
  60  8:28  Stalker x2  
  60  8:29  Protoss Air Weapons Level 1, Probe (Chrono Boost)  
  60  8:33  Stalker  
  68  8:42  Probe (Chrono Boost)  
  68  9:01  Photon Cannon  
  68  9:04  Photon Cannon  
  68  9:12  Pylon  
  68  9:19  Stargate  
  68  9:21  Stargate  
  68  9:52  Probe (Chrono Boost)  
  69  10:04  Protoss Shields Level 1, Probe (Chrono Boost)  
  70  10:14  Fleet Beacon  
  70  10:16  Probe (Chrono Boost)  
  70  10:20  Gateway  
  71  10:21  Assimilator  
  71  10:24  Assimilator  
  71  10:30  Pylon  
  71  10:34  Pylon  
  69  11:25  Nexus  
  69  11:29  Pylon  
  69  11:30  Pylon  
  69  11:32  Pylon  
  69  11:34  Pylon  
  69  11:36  Pylon  
  69  11:42  Pylon  
  69  11:45  Pylon  
  69  11:46  Pylon  
  69  11:48  Pylon  
  69  11:50  Pylon  
  69  12:02  Protoss Air Weapons Level 2, Protoss Shields Level 2, Graviton Catapult  
  69  12:03  Robotics Facility  
  69  12:16  Carrier  
  75  12:50  Carrier  
  75  12:52  Observer  
  82  13:14  Observer  
  83  13:21  Stargate  
  83  13:33  Carrier  
  83  13:39  Mothership Core (Chrono Boost)  
  97  14:08  Carrier  
  97  14:18  Protoss Ground Weapons Level 3, Protoss Air Armor Level 1  
  103  14:36  Photon Cannon  
  103  14:40  Photon Cannon  
  103  14:49  Carrier  
  103  15:07  Carrier  
  115  15:23  Observer  
  116  15:33  Carrier  
  116  15:44  Observer  
  123  16:19  Carrier  
  123  16:21  Carrier  
  103  18:01  Mothership Core (Chrono Boost)  
  103  18:25  Nexus  
  103  18:28  Assimilator  
  103  18:31  Assimilator  
  103  18:45  Probe (Chrono Boost)  
  104  18:57  Probe (Chrono Boost)  
  105  19:09  Probe (Chrono Boost)  
  92  19:22  Probe (Chrono Boost)  
  88  19:34  Probe (Chrono Boost)  
  87  20:05  Carrier x3  
  89  20:09  Mothership Core (Chrono Boost)  
  113  21:04  Zealot  
  113  21:05  Zealot x3  
  121  21:19  Carrier  
  121  21:20  Carrier x2  
  121  21:31  Zealot  
  121  21:32  Zealot x3  
  121  21:58  Zealot  
  99  22:34  Carrier x3  
  99  22:41  Zealot x2  
  99  22:42  Zealot x2  
  121  23:08  Zealot x2  
  121  23:09  Zealot x2  
  129  23:35  Zealot  
  129  23:36  Zealot  
  129  23:38  Mothership Core (Chrono Boost)  
  135  23:44  Stalker  
  135  23:45  Stalker  
  139  23:48  Carrier  
  139  23:49  Carrier x2  
  139  24:02  Stalker x2  
  155  24:14  Stalker  
  155  24:15  Stalker  
  159  24:32  Stalker  
  161  24:55  Zealot x3  
  167  25:02  Zealot  
  167  25:03  Carrier  
  175  25:22  Zealot x2  
  179  26:14  Carrier  
  179  26:15  Carrier  
  179  26:17  Carrier  
  197  26:51  Zealot  
Tags
 
Add a new tag
Caveats
  • Supply blocks, unpowered buildings, or Contaminate may cause inaccurate times.
  • Supply counts are checked every 10 seconds.